 Dungeon Crawl Stone Soup version 0.30-a0-718-geaa24f58ff (webtiles) character file.

Game seed: 9538235525403604655

318 Leeroy the Ducker (level 6, -3/35 HPs)
             Began as a Tengu Warper on Jan 25, 2023.
             Was an Initiate of Okawaru.
             Shot with an arrow by a centaur (12 damage)
             ... on level 5 of the Dungeon.
             The game lasted 00:02:11 (2036 turns).

Leeroy the Ducker (Tengu Warper)                    Turns: 2036, Time: 00:02:12

Health: -3/35      AC:  5    Str: 11    XL:     6   Next: 45%
Magic:  10/10      EV: 15    Int: 14    God:    Okawaru [......]
Gold:   138        SH:  0    Dex: 15    Spells: 9/9 levels left

rFire   . . .      SeeInvis .    g - +0 demon trident
rCold   . . .      Faith    .    (no shield)
rNeg    . . .      Spirit   .    f - +0 ring mail
rPois   .          Reflect  .    (helmet restricted)
rElec   .          Harm     .    (no cloak)
rCorr   .          Rampage  .    (no gloves)
Will    .....                    (boots unavailable)
Stlth   +                        (no amulet)
HPRegen 0.25/turn                (no ring)
MPRegen 0.12/turn                (no ring)

@: flying quickly and evasively, quick
A: beak, talons 3, nimble flight
a: Renounce Religion


You were on level 5 of the Dungeon.
You worshipped Okawaru.
Okawaru was noncommittal.
You visited 1 branch of the dungeon, and saw 4 of its levels.

You collected 138 gold pieces.

Inventory:

Hand Weapons
 a - a +0 falchion
 g - a +0 demon trident (weapon)
 i - a +2 short sword of venom
Missiles
 d - 7 boomerangs of dispersal (quivered)
 r - 6 poisoned darts
Armour
 b - a +0 leather armour
 f - a +0 ring mail (worn)
Scrolls
 e - a scroll of summoning {unknown}
 h - 5 scrolls of identify {unknown}
 j - a scroll of noise {unknown}
 k - a scroll of teleportation {unknown}
 q - a scroll of magic mapping {unknown}
Potions
 c - a potion of might {unknown}
 l - a potion of lignification {unknown}
 m - a potion of attraction {unknown}
 n - a potion of curing {unknown}
 o - 2 potions of ambrosia
 p - 2 potions of degeneration {unknown}


   Skills:
 - Level 2.0 Fighting
 - Level 4.2 Long Blades
 - Level 1.0 Throwing
 - Level 1.1 Armour
 + Level 6.2 Dodging
 - Level 2.0 Spellcasting
 - Level 2.4 Translocations


You had 9 spell levels left.
You didn't know any spells.
Your spell library contained the following spells:

 Spells                   Type           Power      Damage    Failure   Level
 Blink                    Tloc           16%        N/A       32%         2
 Lesser Beckoning         Tloc           16%        N/A       32%         2
 Teleport Other           Tloc           8%         N/A       54%         3
 Cigotuvi's Dreadful Rot  Necr/Pois/Air  2%         N/A       63%         2
 Poisonous Vapours        Pois/Air       2%         N/A       63%         2
 Vhi's Electric Charge    Tloc/Air       8%         N/A       71%         3
 Mephitic Cloud           Conj/Pois/Air  1%         N/A       86%         3
 Manifold Assault         Tloc           8%         N/A       91%         4
 Storm Form               Tmut/Air       0%         N/A       100%        7
 Maxwell's Capacitive Co  Air            0%         ∞         100%        8
 Summon Lightning Spire   Summ/Air       Unusable   N/A       N/A         4

Dungeon Overview and Level Annotations

Branches:
Dungeon (3/15)

Altars:
Okawaru
Ru

Shops:
D:5 [*

Annotations:
D:3 Ijyb, Robin


Innate Abilities, Weirdness & Mutations

You have a beak for a mouth.
You have claws for feet.
Your magical nature lets you fly swiftly and evasively.


Message History

The iguana bites you.
You closely miss the iguana.
The iguana is heavily wounded.
The iguana misses you.
You puncture the iguana!
You kill the iguana!
Okawaru accepts your kill.
Your Dodging skill increases to level 6!
No target in view!
No target in view!
No target in view!
No target in view!
Found a stone staircase leading up.
c - a brown potion
h - 5 scrolls labelled ROWUEMEKHLOL (gained 1)
Found a stone staircase leading up.
No target in view!
A jelly and a centaur come into view.
The centaur shouts!
The centaur wields a +0 shortbow.
The centaur shoots an arrow.
The arrow closely misses you.
The centaur shoots an arrow.
The arrow hits you.
There are monsters nearby!
There are monsters nearby!
An ogre comes into view. It is wielding a +0 giant club.
The ogre shouts!
You reach to attack!
You puncture the jelly!
The jelly is severely wounded.
The centaur shoots an arrow.
The arrow hits you!
You puncture the jelly!
You kill the jelly!
Okawaru accepts your kill.
The centaur shoots an arrow.
The arrow closely misses you.
The centaur shoots an arrow.
The arrow hits you!
You are too injured to fight recklessly!
Found 21 gold pieces.
You see here 16 gold pieces.
The centaur shoots an arrow.
The arrow hits you!
* * * LOW HITPOINT WARNING * * *
The centaur shoots an arrow.
The arrow hits you!
You die...

.# .# #. .##.# .# ..
..#<##.# .. .#.#.. ..
.....# ##.. #c#.. ##...
#.#.# +..#. ####@#.#####
#+#.... #..$.......#
#.....# #O....<....#
##..... ...........[...#
#....#.
...............#.>..#..##
....#..........#..###..#
...$#..........#..# #..#
###............#..# #..#
............#..# #..#


You could see an ogre and a centaur.

Vanquished Creatures
  A scorpion (D:5)
  A hound (D:5)
  2 orc priests (D:5)
  2 jellies (D:5)
  An iguana (D:5)
  An orc wizard (D:5)
  An adder (D:5)
  A worm (D:2)
  2 dart slugs (D:1)
  7 orcs (D:5)
  3 endoplasms
  A giant cockroach (D:1)
  6 goblins
  5 hobgoblins
  3 jackals (D:2)
  4 kobolds
  4 ball pythons
  3 bats
  A frilled lizard (D:1)
  2 rats
51 creatures vanquished.

Notes
Turn   | Place    | Note
-------+----------+-------------------------------------------
     0 | D:1      | Leeroy the Tengu Warper began the quest for the Orb.
     0 | D:1      | Reached XP level 1. HP: 12/12 MP: 4/4
   146 | D:1      | Reached XP level 2. HP: 15/17 MP: 6/6
   368 | D:1      | Found a faded altar of an unknown god.
   603 | D:1      | Reached XP level 3. HP: 21/21 MP: 7/7
  1513 | D:3      | Noticed Robin
  1513 | D:3      | Noticed Ijyb
  1516 | D:3      | HP: 1/21 [hobgoblin (2)]
  1518 | D:3      | You fall into a shaft and drop 2 floors!
  1518 | D:5      | Entered Level 5 of the Dungeon
  1608 | D:5      | Reached skill level 3 in Dodging
  1608 | D:5      | Reached XP level 4. HP: 26/26 MP: 8/8
  1647 | D:5      | Found Qidifyt's Armour Emporium.
  1662 | D:5      | Found an iron altar of Okawaru.
  1676 | D:5      | Reached skill level 4 in Dodging
  1676 | D:5      | Gained mutation: Your magical nature lets you fly swiftly
                  | and evasively. [Tengu growth]
  1676 | D:5      | Reached XP level 5. HP: 17/30 MP: 9/9
  1691 | D:5      | Became a worshipper of Warmaster Okawaru
  1793 | D:5      | Found Reheo's Assorted Antiques.
  1799 | D:5      | Reached skill level 5 in Dodging
  1812 | D:5      | Reached XP level 6. HP: 32/35 MP: 10/10
  1964 | D:5      | Found a sacrificial altar of Ru.
  1996 | D:5      | Reached skill level 6 in Dodging
  2036 | D:5      | Shot with an arrow by a centaur

Illustrated notes

Levels and vault maps discovered:
D:1:      kilobyte_arrival_exit_the_forest, layout_rooms,
          shapermc_ecumenical_altar_mp_ritualfount
D:2:      layout_basic, serial_rivers, chequers_serial_rivers_micro_d,
          chequers_serial_rivers_micro_a, chequers_serial_rivers_micro_b,
          chequers_serial_rivers_large_b, chequers_serial_rivers_micro_e
D:3:      layout_basic, nicolae_goblin_pals
D:5:      layout_rooms, okawaru_gym_becter, nicolae_ru_path_of_blood,
          serial_shops, nicolae_shop_temple_entry_statues_fountains,
          kennysheep_mini, nicolae_shop_competitors_out_of_business

Skill      XL: |  1  2  3  4  5  6 |
---------------+-------------------+-----
Long Blades    | 3 4 |  4.2
Dodging        | 3 4 5 6 |  6.2
Fighting       | |  2.0
Throwing       | |  1.0
Armour         | |  1.1
Spellcasting   | |  2.0
Translocations | |  2.4

Action                     |  1- 3 |  4- 6 || total
---------------------------+-------+-------++-------
  Melee: Falchion          |    32 |       ||    32
         Kick              |    19 |    11 ||    30
         Peck              |     8 |     1 ||     9
         Demon trident     |    85 |    48 ||   133
         Punch             |     2 |       ||     2
    Use: Scroll            |     1 |       ||     1
         Potion            |       |     1 ||     1
   Stab: Sleeping          |     2 |       ||     2
 Armour: Leather armour    |     1 |       ||     1
         Ring mail         |    35 |     9 ||    44
  Dodge: Dodged            |    60 |    35 ||    95

Table legend: (Time is in decaauts)
 A = Elapsed time spent in this place.
 B = Non-inter-level travel time spent in this place.
 C = Inter-level travel time spent in this place.
 D = Time resting spent in this place.
 E = Time spent auto-exploring this place.
 F = Levels seen in this place.
 G = Mean time per level.
                   A        B        C        D        E       F      G
               +--------+--------+--------+--------+--------+-----+--------+
         Total |   2128 |   2027 |    101 |      0 |   1625 |   4 |  532.0 |
       Dungeon |   2128 |   2027 |    101 |      0 |   1625 |   4 |  532.0 |
               +--------+--------+--------+--------+--------+-----+--------+

Top non-repeatable levels by time:
     D:2: 806 daAuts
     D:1: 737 daAuts
     D:5: 517 daAuts
     D:3: 66 daAuts
